 Dungeon Crawl Stone Soup version 0.17-a0-2127-g1cb09f6 (webtiles) character file.

76 bladedpenguin the Grave Robber (level 4, -5/21 HPs)
             Began as a Vine Stalker Necromancer on Oct 23, 2015.
             Killed from afar by Natasha (9 damage)
             ... with a wand of frost
             ... on level 3 of the Dungeon.
             The game lasted 00:10:46 (1958 turns).

bladedpenguin the Grave Robber (VSNe)               Turns: 1958, Time: 00:10:46

Health: -5/21      AC: 10    Str: 11    XL:     4   Next: 32%
Magic:  0/9        EV:  8    Int: 21    God:
Gold:   113        SH:  0    Dex: 14    Spells: 1 memorised, 7 levels left

rFire  + + .     SeeInvis .     k - +0 dagger
rCold  x . .     Clarity  .     o - +1 fire dragon armour
rNeg   + . .     SustAt   .     (no shield)
rPois  .         Gourm    .     (no helmet)
rElec  .         Spirit   +     (no cloak)
rCorr  .         Warding  +     h - +0 pair of gloves
rMut   .         Stasis   .     (no boots)
MR     .....                    e - amulet of warding
Stlth  +.........               (no ring)
                                (no ring)

@: brilliant, not resistant to hostile enchantments, very unstealthy
A: fangs 2, regeneration 1, magic shield, antimagic bite, no device heal 3, rot
immunity
a: no special abilities


You were on level 3 of the Dungeon.
You were hungry.

You visited 1 branch of the dungeon, and saw 3 of its levels.

You collected 113 gold pieces.

Inventory:

Hand Weapons
 k - a +0 dagger (weapon)
Missiles
 d - 6 needles of frenzy
Armour
 a - a +0 robe
 h - a +0 pair of gloves (worn)
 o - a +1 fire dragon armour (worn)
Jewellery
 e - an amulet of warding (around neck)
Scrolls
 i - a scroll of random uselessness {unknown}
 j - a scroll of immolation {unknown}
 p - a scroll of blinking {unknown}
 r - a scroll of identify
 t - a scroll of enchant armour
 x - 3 scrolls of noise {unknown}
Potions
 f - a potion of lignification
 g - a potion of brilliance
 l - a potion of magic
 n - a potion of heal wounds {unknown}
 q - a potion of berserk rage
 u - a potion of curing
 v - a potion of poison {unknown}
Books
 b - a book of Necromancy

   Spells                             Type                      Level
   a - Pain                           Necromancy                   1
   b - Animate Skeleton               Necromancy                   1
   c - Vampiric Draining              Necromancy                   3
   d - Regeneration                   Charms/Necromancy            3
   e - Animate Dead                   Necromancy                   4
   f - Control Undead                 Necromancy                   4
Comestibles
 c - 2 bread rations
 m - a royal jelly
 s - a meat ration


   Skills:
 + Level 0.1 Fighting
 + Level 0.1 Armour
 + Level 1.9 Dodging
 + Level 3.1 Stealth
 + Level 0.6 Unarmed Combat
 * Level 2.9 Spellcasting
 + Level 4.6 Necromancy


You had 7 spell levels left.
You knew the following spells:

 Your Spells              Type           Power        Failure   Level  Hunger
a - Pain                  Necr           ####         2%          1    None


Dungeon Overview and Level Annotations

Branches:
Dungeon (3/15)

Altars:
Gozag
Zin

Annotations:
D:3 Natasha


Innate Abilities, Weirdness & Mutations

You have extremely sharp teeth.
Your natural rate of healing is unusually fast.
When hurt, damage is shared between your health and your magic reserves.
Your bite disrupts and absorbs the magic of your enemies.
Potions and wands cannot restore your health.
You are immune to rotting.


Message History

The puff of frost hits you!
You barely miss Natasha.
Natasha is severely wounded.
Natasha zaps a wand.
The puff of frost hits you!
You feel a terrible chill! The iron imp closely misses you.
You hit Natasha but do no damage.
Natasha is severely wounded.
Natasha mumbles some strange words.
You feel disoriented.
Natasha zaps a wand.
The puff of frost hits you!
You feel a terrible chill!
* * * LOW HITPOINT WARNING * * *
You completely miss Natasha. Your bite misses Natasha.
Natasha is severely wounded.
The iron imp hits you but does no damage.
Natasha closely misses you.
You hit Natasha but do no damage.
Natasha is severely wounded.
The iron imp closely misses you.
Natasha zaps a wand.
The puff of frost hits you!
You feel a terrible chill!
You die...

#.......##.....# .
#........#.....# #
#....)....###.## #.....
#...........#.# ##..>....
#......##.....# #5....[..
##......##...### #.[......
#..#..####....### #........
#.#.....##......###........
..#.....##......@h.........
###.)...##...#...5.........
###.....##................#
#..........................
#.#.....##.....#.###....%..
...†........####.# ##.....
..#........## #.# .....
......###..... ... ....
..##### ###### # ...


You could see an iron imp and Natasha.

Vanquished Creatures
  2 adders (D:3)
  An ooze (D:2)
  2 worms
  3 giant geckos
  2 orcs (D:3)
  2 bats
  A giant cockroach (D:3)
  5 goblins
  8 hobgoblins
  2 quokkas (D:3)
  6 kobolds
  10 rats
44 creatures vanquished.

Vanquished Creatures (others)
  A giant cockroach (D:2)
1 creature vanquished.

Grand Total: 45 creatures vanquished

Notes
Turn   | Place    | Note
--------------------------------------------------------------
     0 | D:1      | bladedpenguin the Vine Stalker Necromancer began the quest for the Orb.
     0 | D:1      | Reached XP level 1. HP: 9/9 MP: 4/4
   146 | D:1      | Reached XP level 2. HP: 13/13 MP: 6/6
   941 | D:2      | Reached XP level 3. HP: 16/16 MP: 7/7
  1727 | D:3      | Reached XP level 4. HP: 21/21 MP: 9/9
  1852 | D:3      | Found a glowing silver altar of Zin.
  1853 | D:3      | Found an opulent altar of Gozag.
  1940 | D:3      | Noticed Natasha
  1958 | D:3      | Killed from afar by Natasha

Vault maps used:
D:1:      mrwooster_arrival_arrow, hangedman_glass_teeth
D:2:      lemuel_old_faithful
D:3:      grunt_temple_overflow_gold_and_silver, first_bread, uniq_natasha

Action                   |  1- 3 |  4- 6 || total
-------------------------+-------+-------++-------
Melee: Unarmed           |    41 |       ||    41
       Dagger            |    84 |    55 ||   139
 Cast: Pain              |    12 |     4 ||    16
  Use: Scroll            |     2 |     1 ||     3
       Potion            |     1 |     3 ||     4
 Stab: Sleeping          |     6 |       ||     6
  Eat: Chunk             |     4 |       ||     4
